 Dungeon Crawl Stone Soup version 0.29.0-10-g45618ea6d2 (webtiles) character file.

Game seed: 15322005440807544690

14584 Flugkiller the Severer (level 11, -2/101 HPs)
             Began as a Minotaur Fighter on Sept 1, 2022.
             Was an Initiate of Gozag.
             Slain by a skeletal warrior
             ... wielding a +1 vorpal dire flail
              (22 damage)
             ... on level 11 of the Dungeon.
             The game lasted 00:05:38 (12492 turns).

Flugkiller the Severer (Minotaur Fighter)          Turns: 12492, Time: 00:05:39

Health: -2/101     AC: 20    Str: 26    XL:     11   Next: 90%
Magic:  10/10      EV: 10    Int:  5    God:    Gozag
Gold:   1325       SH:  0    Dex: 15    Spells: 10/10 levels left

rFire   . . .      SeeInvis .   b - +5 executioner's axe (flame)
rCold   + . .      Faith    .   (shield currently unavailable)
rNeg    . . .      Spirit   .   y - +0 plate armour
rPois   .          Reflect  .   (helmet restricted)
rElec   .          Harm     .   n - +1 cloak
rCorr   .          Rampage  .   x - +0 pair of gloves
Will    .....                   p - +0 pair of boots
Stlth   ..........              (no amulet)
HPRegen 0.26/turn               c - ring of protection from cold
MPRegen 0.12/turn               u - +6 ring of strength

@: gold aura, hasted, studying Axes, very quick
A: horns 2, retaliatory headbutt
a: Renounce Religion, Potion Petition, Call Merchant, Bribe Branch


You were on level 11 of the Dungeon.
You worshipped Gozag.
Gozag was most pleased with you.
You visited 2 branches of the dungeon, and saw 12 of its levels.

You collected 2045 gold pieces.
You spent 234 gold pieces at shops.
You paid 486 gold pieces to Gozag.

Inventory:

Hand Weapons
 a - a +0 vampiric war axe
 b - a +5 executioner's axe of flaming (weapon)
   (You bought it in a shop on level 4 of the Dungeon)
Missiles
 l - 8 boomerangs (quivered)
 E - 7 throwing nets
 G - 16 boomerangs of dispersal
Armour
 n - a +1 cloak (worn)
   (You found it on level 2 of the Dungeon)
 p - a +0 pair of boots (worn)
   (You found it on level 2 of the Dungeon)
 s - a +0 buckler
 x - a +0 pair of gloves (worn)
   (You found it on level 4 of the Dungeon)
 y - a +0 plate armour (worn)
   (You found it on level 5 of the Dungeon)
Jewellery
 c - a ring of protection from cold (left hand)
   (You found it on level 2 of the Dungeon)
 k - a ring of resist corrosion
   (You found it on level 6 of the Dungeon)
 u - a +6 ring of strength (right hand)
   (You found it on level 2 of the Dungeon)
 F - a ring of fire
   (You found it on level 7 of the Dungeon)
 O - a ring of ice
   (You found it on level 9 of the Dungeon)
Wands
 m - a wand of quicksilver (8)
   (You found it on level 6 of the Dungeon)
 B - a wand of charming (12)
   (You found it on level 7 of the Dungeon)
 M - a wand of mindburst (9)
   (You found it on level 9 of the Dungeon)
Scrolls
 e - a scroll of summoning
 f - 4 scrolls of immolation
 j - 3 scrolls of amnesia
 o - a scroll of vulnerability
 t - 4 scrolls of teleportation
 v - a scroll of poison
 z - a scroll of blinking
 H - a scroll of fear
 J - 2 scrolls of enchant armour
Potions
 d - a potion of might
 g - a potion of berserk rage
 h - 3 potions of haste
 i - 2 potions of magic
 q - 6 potions of curing
 w - 5 potions of heal wounds
 A - 3 potions of invisibility {unknown}
 C - 2 potions of cancellation
 D - a potion of ambrosia {unknown}
 I - a potion of flight {unknown}
 K - 3 potions of attraction {unknown}


   Skills:
 + Level 10.8 Fighting
 * Level 15.4 Axes
 + Level 10.9 Armour
 + Level 7.2 Dodging
 - Level 3.6 Shields
 - Level 6.0 Evocations


You had 10 spell levels left.
You didn't know any spells.
Your spell library was empty.

Dungeon Overview and Level Annotations

Branches:
Dungeon (11/15)            Temple (1/1) D:4            Lair (0/5) D:11
    Orc (0/2) D:11

Altars:
Ashenzari
Cheibriados
Dithmenos
Elyvilon
Fedhas
Gozag
Hepliaklqana
Kikubaaqudgha
Makhleb
Nemelex Xobeh
Okawaru
Qazlal
Ru
Sif Muna
Trog
Uskayaw
Vehumet
Wu Jian
Xom
Yredelemnul
Zin
The Shining One

Shops:
D:4 (   D:5 *


Innate Abilities, Weirdness & Mutations

You have a pair of horns on your head.
You reflexively headbutt those who attack you in melee.


Message History

You burn the killer bee.
You kill the killer bee!
You closely miss the killer bee.
You feel sick.
The killer bee stings you but does no damage.
The killer bee barely misses you.
The killer bee stings you but does no damage. x3
The killer bee barely misses you.
The killer bee stings you but does no damage.
The killer bee barely misses you. The skeletal warrior misses you.
The skeletal warrior hits you from afar with a +0 trident!
You miss the killer bee. Your headbutt misses the killer bee.
The killer bee is heavily wounded.
You barely miss the killer bee. You hit the skeletal warrior.
You burn the skeletal warrior. You miss the killer bee.
You barely miss the killer bee.
You feel sick.
The killer bee stings you but does no damage.
The killer bee barely misses you. x2; The killer bee misses you.
The killer bee completely misses you.
The killer bee stings you but does no damage.
The killer bee barely misses you.
The killer bee stings you but does no damage.
The skeletal warrior hits you from afar with a +0 trident!
The skeletal warrior hits you with a +1 vorpal dire flail!
The killer bee barely misses you. The killer bee stings you.
* * * LOW HITPOINT WARNING * * *
The killer bee stings you.
* * * LOW HITPOINT WARNING * * *
The killer bee stings you but does no damage.
You are too injured to fight recklessly!
You are too injured to fight recklessly!
You feel much better.
You feel sick.
The killer bee stings you but does no damage. x2
The killer bee barely misses you. x2
The skeletal warrior hits you but does no damage.
The skeletal warrior completely misses you.
You furiously retaliate!
You headbutt the skeletal warrior.
The killer bee stings you but does no damage.
The killer bee barely misses you. You furiously retaliate!
You headbutt the killer bee!
The killer bee is distracted by your dazzling golden aura.
The killer bee barely misses you.
The killer bee buzzes angrily. [a] - 405 gold - haste and heal wounds [b] - 440 gold - resistance and haste [c] - 260 gold - heal wounds and magic Purchase which effect?
You feel yourself speed up.
You feel much better.
You feel sick.
The killer bee stings you but does no damage. x3
The skeletal warrior hits you from afar with a +0 trident.
The skeletal warrior hits you but does no damage.
The killer bee closely misses you. You furiously retaliate!
You headbutt the killer bee!
The killer bee stings you but does no damage.
The killer bee barely misses you.
You miss the killer bee. Your headbutt misses the killer bee.
The killer bee is almost dead.
You slash the killer bee! You burn the killer bee.
You kill the killer bee!
You slice the killer bee!! You burn the killer bee.
You kill the killer bee!
You closely miss the skeletal warrior. You slash the killer bee!
You burn the killer bee.
You kill the killer bee!
You feel sick.
The killer bee stings you but does no damage.
The skeletal warrior hits you but does no damage.
The skeletal warrior hits you from afar with a +0 trident!!
Training target 6.0 for Evocations reached!
Your Evocations skill increases to level 6!
You are too injured to fight recklessly!
You are too injured to fight recklessly!
You are too injured to fight recklessly!
You closely miss the skeletal warrior.
The skeletal warrior is lightly damaged.
You miss the killer bee. You closely miss the killer bee.
You feel sick. The killer bee stings you.
The killer bee stings you but does no damage.
You closely miss the skeletal warrior. You headbutt the skeletal warrior.
The skeletal warrior is moderately damaged.
You miss the killer bee. You slash the killer bee! You burn the killer bee.
You kill the killer bee!
The killer bee stings you but does no damage.
The skeletal warrior hits you but does no damage.
The skeletal warrior hits you from afar with a +0 trident.
The killer bee is distracted by your dazzling golden aura.
You barely miss the skeletal warrior.
The skeletal warrior is moderately damaged.
You slash the killer bee! You burn the killer bee.
You kill the killer bee!
You feel sick.
You are no longer poisoned.
The skeletal warrior hits you from afar with a +0 trident!
* * * LOW HITPOINT WARNING * * *
The skeletal warrior barely misses you.
You hit the skeletal warrior but do no damage.
The skeletal warrior is moderately damaged.
The skeletal warrior is distracted by your dazzling golden aura.
The skeletal warrior hits you with a +1 vorpal dire flail!!
You die...
Your body crumbles into a pile of gold.

..# #....... ..# .....#
#####... ..# #######
.....# #...
..######.)...# ...>.+
#...
##)..(.......#####.....#
#...
#....................#
####
#....................#
#.............$$z....+$
#..............@$z...#
#......#####...$$....#
######## #######.....
.... ... .. #


You could see 2 skeletal warriors.

Vanquished Creatures
  2 hydras (D:11)
  Erica (D:9)
  3 skeletal warriors (D:11)
  Pikel (D:9)
  A cyclops (D:11)
  An ugly thing (D:11)
  Joseph (D:7)
  2 hornets
  Sigmund (D:5)
  3 wraiths
  19 yaks
  A wyvern (D:9)
  Eustachio (D:6)
  2 steam dragons
  4 vampire mosquitoes (D:10)
  Menkaure (D:5)
  A warg (D:11)
  3 water moccasins
  7 orc warriors
  An ice beast (D:6)
  A sky beast (D:7)
  A black bear (D:8)
  2 centaurs
  2 ogres
  A lemure (D:9)
  3 bullfrogs
  5 kobold brigands
  5 scorpions
  A gnoll sergeant (D:7)
  3 wights (D:8)
  16 killer bees
  A howler monkey (D:4)
  9 orc priests
  4 jellies
  5 hounds
  2 gnoll boudas (D:7)
  5 iguanas
  10 orc wizards
  22 gnolls
  9 adders
  A shadow imp (D:6)
  An ufetubus (D:6)
  2 worms
  2 dart slugs
  36 orcs
  5 endoplasms
  2 giant cockroaches (D:3)
  5 goblins
  7 hobgoblins
  4 jackals (D:1)
  3 quokkas
  6 ball pythons
  8 bats
  7 frilled lizards
  25 kobolds
  4 rats
  A spectral hobgoblin (D:9)
282 creatures vanquished.

Vanquished Creatures (others)
  8 plants (D:5)
8 creatures vanquished.

Grand Total: 290 creatures vanquished

Notes
Turn   | Place    | Note
-------+----------+-------------------------------------------
     0 | D:1      | Flugkiller the Minotaur Fighter began the quest for the
                  | Orb.
     0 | D:1      | Reached XP level 1. HP: 19/19 MP: 0/0
   138 | D:1      | Reached skill level 3 in Axes
   138 | D:1      | Reached XP level 2. HP: 24/27 MP: 1/1
   351 | D:1      | Reached XP level 3. HP: 29/33 MP: 2/2
   785 | D:2      | Reached skill level 4 in Axes
   790 | D:2      | Reached XP level 4. HP: 12/41 MP: 3/3
  1859 | D:3      | Reached skill level 5 in Axes
  1859 | D:3      | Reached XP level 5. HP: 30/47 MP: 4/4
  2357 | D:3      | Reached skill level 5 in Fighting
  2366 | D:3      | Reached skill level 5 in Armour
  2806 | D:4      | Noticed an ogre
  2808 | D:4      | Reached XP level 6. HP: 54/56 MP: 5/5
  2812 | D:4      | Reached skill level 6 in Axes
  3110 | D:4      | Reached XP level 7. HP: 59/62 MP: 6/6
  3216 | D:4      | Found a staircase to the Ecumenical Temple.
  3231 | D:4      | Found Fidghaon's Antique Weapon Boutique.
  3258 | Temple   | Entered the Ecumenical Temple
  3276 | Temple   | Became a worshipper of Gozag Ym Sagoz the Greedy
  3357 | D:4      | Reached skill level 7 in Axes
  3681 | D:5      | Entered Level 5 of the Dungeon
  3776 | D:5      | Found Ihipu's Gadget Gallery.
  3969 | D:5      | Reached skill level 8 in Axes
  4128 | D:5      | Noticed Menkaure
  4134 | D:5      | Killed Menkaure
  4135 | D:5      | Reached XP level 8. HP: 71/71 MP: 7/7
  4155 | D:5      | Noticed Sigmund
  4168 | D:5      | Killed Sigmund
  4358 | D:5      | Reached skill level 9 in Axes
  4758 | D:4      | Bought a runed executioner's axe for 234 gold pieces
  5110 | D:6      | Reached skill level 1 in Dodging
  5251 | D:6      | Found an ornate altar of the Wu Jian Council.
  5257 | D:6      | Noticed Eustachio
  5260 | D:6      | Reached skill level 1 in Evocations
  5278 | D:6      | Killed Eustachio
  5279 | D:6      | Reached XP level 9. HP: 44/80 MP: 8/8
  5539 | D:6      | Reached skill level 10 in Axes
  5913 | D:7      | Noticed Joseph
  5926 | D:7      | Killed Joseph
  6391 | D:7      | Reached skill level 11 in Axes
  6573 | D:7      | Found a sacrificial altar of Ru.
  6574 | D:7      | Found a basalt altar of Yredelemnul.
  6574 | D:7      | Found a shimmering altar of Xom.
  6576 | D:7      | Found an iron altar of Okawaru.
  6577 | D:7      | Found a hide-covered altar of Uskayaw.
  6577 | D:7      | Found a stormy altar of Qazlal.
  6577 | D:7      | Found a shadowy altar of Dithmenos.
  6578 | D:7      | Found a broken altar of Ashenzari.
  6578 | D:7      | Found an ancient bone altar of Kikubaaqudgha.
  6579 | D:7      | Found a shimmering blue altar of Sif Muna.
  6581 | D:7      | Found a sparkling altar of Nemelex Xobeh.
  6581 | D:7      | Found a radiant altar of Vehumet.
  6587 | D:7      | Found a bloodstained altar of Trog.
  7410 | D:8      | Identified the +0 scale mail of the Jabberwock {rC- rCorr
                  | Str+8 Slay-2}
  7853 | D:8      | Reached XP level 10. HP: 84/90 MP: 9/9
  8141 | D:9      | Noticed Pikel
  8146 | D:9      | Killed Pikel
  8393 | D:9      | Found a hazy altar of Hepliaklqana.
  8472 | D:9      | Reached skill level 12 in Axes
  8747 | D:9      | Reached skill level 5 in Dodging
  9443 | D:9      | Noticed Erica
  9453 | D:9      | Killed Erica
  9926 | D:10     | Entered Level 10 of the Dungeon
 10106 | D:10     | Reached skill level 13 in Axes
 10106 | D:10     | Reached XP level 11. HP: 88/99 MP: 10/10
 10321 | D:10     | Reached skill level 10 in Armour
 10335 | D:10     | Reached skill level 10 in Fighting
 10335 | D:10     | Reached skill level 5 in Evocations
 10982 | D:10     | Identified a scroll of acquirement
 10982 | D:10     | Acquired a manual of Axes
 11018 | D:11     | Noticed a four-headed hydra
 11023 | D:11     | Killed a two-headed hydra
 11114 | D:11     | Noticed a brown ugly thing
 11114 | D:11     | Noticed a four-headed hydra
 11125 | D:11     | Killed a brown ugly thing
 11126 | D:11     | Killed a three-headed hydra
 11127 | D:11     | Reached skill level 14 in Axes
 11559 | D:11     | Found a staircase to the Orcish Mines.
 12204 | D:11     | Noticed a skeletal warrior
 12204 | D:11     | Noticed a skeletal warrior
 12205 | D:11     | Noticed a skeletal warrior
 12224 | D:11     | Killed a skeletal warrior
 12228 | D:11     | Killed a skeletal warrior
 12229 | D:11     | Reached skill level 15 in Axes
 12232 | D:11     | Killed a skeletal warrior
 12479 | D:11     | Noticed a skeletal warrior
 12479 | D:11     | Noticed a skeletal warrior
 12480 | D:11     | Found a staircase to the Lair.
 12492 | D:11     | Slain by a skeletal warrior

Illustrated notes

Levels and vault maps discovered:
D:1:      dpeg_arrival_rooms_b, layout_rooms, minmay_hexomino_p4
D:2:      minmay_general_purpose_star, layout_loops_ring
D:3:      layout_loops_ring, hangedman_feature_mirror,
          chequers_serial_rivers_micro_c
D:4:      layout_basic, temple_fountains, serial_shops, kennysheep_mini
D:5:      layout_loops_ring, serial_bayou, serial_bayou_shore_b,
          serial_bayou_pond_c, serial_bayou_shore_a, serial_bayou_lake_a,
          minivault_26, nicolae_shop_gadgets, uniq_menkaure, uniq_sigmund
D:6:      layout_basic, nicolae_wu_jian_wuxing_cycle, serial_co_window_serial,
          co_window_of_opportunity_a, co_window_paths_b, co_window_paths_b,
          co_window_corner_a, co_window_corner_a, co_window_corner_a,
          co_window_paths_a, co_window_corner_b, co_window_cross_4,
          co_window_2corner, glass_columns_b, minmay_statues_item,
          uniq_eustachio
D:7:      layout_basic, nicolae_overflows_in_rows, roderic_lattice_a,
          nrook_loot_triangle, minmay_unpleasant_kobolds, uniq_joseph
D:8:      layout_basic, enter_bailey_8
D:9:      layout_basic, nicolae_hepliaklqana_monster_ancestors, uniq_erica,
          uniq_pikel
D:10:     layout_loops_ring
D:11:     layout_gridville, lair_entry_dummy, david_orc_1_choice
Temple:   hellmonk_temple_two_chambers

Skill      XL: |  1  2  3  4  5  6  7  8  9 10 11 |
---------------+----------------------------------+-----
Axes           | 3 4 5 6 8 9 11 13 15 | 15.4
Fighting       | 4 5 6 7 8 9 10 | 10.8
Armour         | 4 5 6 7 8 9 10 | 10.9
Dodging        | 2 4 5 7 |  7.2
Evocations     | 1 3 4 6 |  6.0
Shields        | |  3.6

Action                   |  1- 3 |  4- 6 |  7- 9 | 10-12 || total
-------------------------+-------+-------+-------+-------++-------
Melee: War axe           |    55 |   141 |    91 |       ||   287
       Headbutt          |     4 |    26 |    30 |    38 ||    98
       Executioner's axe |       |       |   104 |   211 ||   315
Invok: Potion Petition   |       |       |       |     1 ||     1
  Use: Scroll            |       |       |    13 |    10 ||    23
       Potion            |       |       |     2 |     1 ||     3
 Stab: Distracted        |       |       |     1 |     1 ||     2
Armor: Scale mail        |    39 |    58 |    14 |       ||   111
       Plate armour      |       |       |   112 |   128 ||   240
Dodge: Dodged            |    28 |    70 |    60 |    97 ||   255
Block: Buckler           |    19 |    36 |    19 |       ||    74
